 Dungeon Crawl Stone Soup version 0.24.0-37-gcf1ca852f1 (webtiles) character file.

Game seed: 15088763340138766472, levelgen mode: deterministic

39550 Peloso the Peltast (level 13, -10/115 HPs)
             Began as a Minotaur Fighter on Dec 3, 2019.
             Was the Champion of Okawaru.
             Splashed by an oklob plant's acid (14 damage)
             ... on level 4 of the Lair of Beasts.
             The game lasted 00:54:59 (17256 turns).

Peloso the Peltast (Minotaur Fighter)              Turns: 17256, Time: 00:54:59

Health: -10/115    AC:  1    Str: 29    XL:     13   Next: 69%
Magic:  13/13      EV: 10    Int:  5    God:    Okawaru [******]
Gold:   1241       SH: 22    Dex: 19    Spells: 12/12 levels left

rFire    + . .     SeeInvis .   b - +1 scimitar (flame)
rCold    + . .     Gourm    .   a - +1 large shield {AC+3}
rNeg     . . .     Faith    .   P - +1 chain mail {rF+}
rPois    +         Spirit   .   W - +0 hat of Morality {rElec rF- Regen+ Dex+3}
rElec    +         Reflect  .   Z - scarf {rC+ rF+}
rCorr    .         Harm     .   (no gloves)
MR       +....                  s - +0 pair of boots
Stlth    ..........             F - amulet "Kosiajeng" {rPois Regen+ Dex+4 Stlth+}
HPRegen  1.09/turn              i - +5 ring of strength
MPRegen  0.13/turn              I - ring of protection from magic

@: corroded, heavily drained
A: retaliatory headbutt, horns 2
a: Heroism, Finesse, Renounce Religion


You were on level 4 of the Lair of Beasts.
You worshipped Okawaru.
Okawaru was exalted by your worship.
You were hungry.

You visited 2 branches of the dungeon, and saw 17 of its levels.
You also visited: Sewer, Bailey, Gauntlet and Ice Cave.

You collected 1241 gold pieces.

Inventory:

Hand Weapons
 b - a +1 scimitar of flaming (weapon)
 o - the +12 spear of Yesterday {flame, *Drain rC+ Str+4}
   (You found it on level 4 of the Lair of Beasts)

   It has been specially enchanted to burn those struck by it, causing extra
   injury to most foes and up to half again as much damage against particularly
   susceptible opponents.
   It affects your strength (+4).
   It protects you from cold.
   It causes draining when unequipped.
 R - a +2 falchion of electrocution
Armour
 a - a +1 large shield of protection (worn)
 e - a +0 chain mail
 s - a +0 pair of boots (worn)
 z - a +0 plate armour
 P - a +1 chain mail of fire resistance (worn)
 S - a +2 cloak of poison resistance
 W - the +0 hat of Morality (worn) {rElec rF- Regen+ Dex+3}
   (You found it in a Gauntlet)

   It affects your dexterity (+3).
   It makes you vulnerable to fire.
   It insulates you from electricity.
   It increases your rate of regeneration.
 Z - a scarf of resistance (worn)
Jewellery
 h - an uncursed amulet of the gourmand
 i - a +5 ring of strength (left hand)
 q - a +2 ring of strength
 F - the amulet "Kosiajeng" (around neck) {rPois Regen+ Dex+4 Stlth+}
   (You found it on level 9 of the Dungeon)

   [amulet of regeneration]

   It affects your dexterity (+4).
   It protects you from poison.
   It increases your rate of regeneration.
   It makes you more stealthy.
 I - a ring of protection from magic (right hand)
 N - an uncursed amulet of guardian spirit
Wands
 c - a wand of iceblast (9)
 J - a wand of digging (2)
 V - a wand of scattershot (7)
Scrolls
 g - 15 scrolls of teleportation
 j - 3 scrolls of identify
 k - 8 scrolls of remove curse
 l - a scroll of fog
 m - 5 scrolls of blinking
 n - a scroll of amnesia
 p - a scroll of brand weapon
 t - a scroll of fear
 L - a scroll of magic mapping
Potions
 d - a potion of might
 C - 2 potions of heal wounds
 H - a potion of agility
 K - 10 potions of curing
 U - 3 potions of haste
Miscellaneous
 M - a box of beasts
Comestibles
 f - 42 rations


   Skills:
 + Level 10.8(8.7) Fighting
 + Level 14.6(12.4) Long Blades
 + Level 12.6(10.5) Armour
 + Level 6.1(4.3) Dodging
 + Level 1.9(0.3) Stealth
 + Level 15.9(13.6) Shields
 + Level 1.6(0.0) Unarmed Combat
 + Level 2.4(0.8) Invocations
 + Level 0.5(0.0) Evocations


You had 12 spell levels left.
You didn't know any spells.
Your spell library contained the following spells:

 Spells                   Type           Power        Failure   Level  Hunger
 Animate Skeleton         Necr           N/A          100%        1    ##.....
 Apportation              Tloc           #.....       100%        1    ##.....
 Beastly Appendage        Tmut           #.....       100%        1    ##.....
 Confusing Touch          Hex            #.....       100%        1    ##.....
 Flame Tongue             Conj/Fire      #....        100%        1    ##.....
 Infusion                 Chrm           #...         100%        1    ##.....
 Magic Dart               Conj           #...         100%        1    ##.....
 Pain                     Necr           #...         100%        1    ##.....
 Sandblast                Erth           #.....       100%        1    ##.....
 Summon Butterflies       Summ           #.......     100%        1    ##.....
 Summon Small Mammal      Summ           #...         100%        1    ##.....
 Blink                    Tloc           N/A          100%        2    ###....
 Call Imp                 Summ           #.......     100%        2    ###....
 Corpse Rot               Necr           N/A          100%        2    ###....
 Ensorcelled Hibernation  Hex/Ice        #.....       100%        2    ###....
 Passwall                 Tmut/Erth      #.......     100%        2    ###....
 Slow                     Hex            #.......     100%        2    ###....
 Sticks to Snakes         Tmut           #.......     100%        2    ###....
 Call Canine Familiar     Summ           #.......     100%        3    ####...
 Conjure Flame            Conj/Fire      #.......     100%        3    ####...
 Mephitic Cloud           Conj/Pois/Air  #.......     100%        3    ####...
 Regeneration             Chrm/Necr      #.........   100%        3    ####...
 Spectral Weapon          Hex/Chrm       #.......     100%        3    ####...
 Spider Form              Tmut/Pois      #.........   100%        3    ####...
 Stone Arrow              Conj/Erth      #.....       100%        3    ####...
 Tukima's Dance           Hex            #.......     100%        3    ####...
 Vampiric Draining        Necr           #.........   100%        3    ####...
 Animate Dead             Necr           N/A          100%        4    #####..
 Ice Form                 Ice/Tmut       #.......     100%        4    #####..
 Iskenderun's Mystic Bla  Conj           #.......     100%        4    #####..
 Leda's Liquefaction      Hex/Erth       #.........   100%        4    #####..
 Summon Ice Beast         Ice/Summ       #.......     100%        4    #####..
 Blade Hands              Tmut           #.........   100%        5    ######.
 Bolt of Magma            Conj/Fire/Erth #.........   100%        5    ######.
 Excruciating Wounds      Chrm/Necr      #.........   100%        5    ######.
 Fireball                 Conj/Fire      #.........   100%        5    ######.
 Iskenderun's Battlesphe  Conj/Chrm      #.......     100%        5    ######.
 Silence                  Hex/Air        #.........   100%        5    ######.
 Summon Forest            Summ/Tloc      #.........   100%        5    ######.
 Summon Mana Viper        Hex/Summ       #.......     100%        5    ######.
 Hydra Form               Tmut           #.........   100%        6    #######
 Invisibility             Hex            #.......     100%        6    #######
 Spellforged Servitor     Conj/Summ      #.........   100%        7    #######
 Summon Hydra             Summ           #.........   100%        7    #######


Dungeon Overview and Level Annotations

Branches:
Dungeon (13/15)            Temple (0/1) D:6            Lair (4/6) D:11
 Shoals (0/4) Lair:4        Snake (0/4) Lair:2          Orc (0/2) D:9
  Sewer (visited)          Bailey (visited)           IceCv (visited)
Gauntlet (visited)
 Vaults: D:13-14

Altars:
Fedhas
Gozag
Hepliaklqana
Nemelex Xobeh
Okawaru
Ru
The Shining One

Annotations:
Lair:4 exclusion: 3 oklob plants


Innate Abilities, Weirdness & Mutations

You reflexively headbutt those who attack you in melee.
You have a pair of horns on your head.


Message History

You headbutt the oklob plant!
The oklob plant is lightly damaged.
The oklob plant spits acid at you. The splash of acid hits you.
You are splashed with acid!
* * * LOW HITPOINT WARNING * * *
Unknown command.
You slash the oklob plant! You burn the oklob plant.
You headbutt the oklob plant, but do no damage.
The oklob plant is heavily damaged.
The spiny frog stings you!!
* * * LOW HITPOINT WARNING * * *
You block the spiny frog's attack.
Unknown command.
You hit the oklob plant but do no damage.
The oklob plant is heavily damaged.
The oklob plant spits acid at you. The splash of acid hits you!
* * * LOW HITPOINT WARNING * * *
The acid corrodes you!
You are splashed with acid!
You die...

..<....#...P##.........
.......#....#......##..
.........(...#.....####.
...................#P#..
........................
..PPP...................
..PPPP..)...............
.PP.PPPF..........P.....
.PP$.GP@......P#.PP#....
^P$.!PP......#######....
.P..PP......## #.....
.PPPP........# #P.<..
...P.........# ##....
............... .....
...............
............##.


You could see 3 oklob plants, a spiny frog and a floating eye.

Vanquished Creatures
  Gastronok (D:8)
  A minotaur (Gauntlet)
  Harold (D:9)
  2 hydras (Lair:3)
  A catoblepas (D:10)
  Erica (D:9)
  A wretched star (Gauntlet)
  A fire crab (Gauntlet)
  A wizard (D:10)
  2 orc knights (Bailey)
  Pikel (D:7)
  2 orc sorcerers (Bailey)
  2 cyclopes
  5 ugly things
  5 elephants (Lair:3)
  A manticore (D:12)
  Maurice (D:9)
  A rust devil (Gauntlet)
  A black mamba (Lair:4)
  3 ice statues (IceCv)
  4 spiny frogs
  A torpor snail (Lair:3)
  A gargoyle (D:13)
  2 kobold demonologists
  A rime drake (Lair:1)
  5 komodo dragons
  A tengu conjurer (D:10)
  An efreet (D:10)
  2 trolls
  12 blink frogs
  A polar bear (Lair:2)
  6 hippogriffs
  A ynoxinul (Gauntlet)
  A shadow (D:11)
  A wraith (D:6)
  A spriggan (Lair:2)
  2 fire bats (Gauntlet)
  18 yaks
  3 wyverns
  A neqoxec (Gauntlet)
  A hungry ghost (D:10)
  4 basilisks
  3 vampire mosquitoes (D:13)
  An acid dragon (D:12)
  4 water moccasins
  6 porcupines
  13 orc warriors
  A phantom (D:12)
  9 ice beasts
  2 black bears
  3 slaves (D:7)
  Purgy (Sewer)
  A sky beast (D:6)
  15 wolves
  A necrophage (D:10)
  7 ogres
  9 centaurs
  3 crocodiles
  5 big kobolds
  7 bullfrogs
  A wyvern skeleton (D:5)
  2 scorpions
  3 killer bees (D:10)
  8 wights
  2 howler monkeys (D:9)
  5 electric eels
  5 crimson imps
  A bullfrog zombie (D:10)
  3 centaur zombies
  2 small abominations (Gauntlet)
  8 hounds
  2 quasits
  6 orc priests
  3 jellies
  3 centaur skeletons
  3 iron imps (Gauntlet)
  12 orc wizards
  A bullfrog skeleton (D:10)
  Jessica (D:3)
  8 worker ants
  A killer bee zombie (D:10)
  2 worker ant zombies
  11 adders
  A howler monkey skeleton (D:9)
  21 gnolls
  2 shadow imps (D:10)
  2 adder zombies (D:5)
  6 worms
  2 dart slugs
  9 leopard geckos
  46 orcs
  7 bats
  2 giant cockroaches (D:2)
  13 goblins
  14 hobgoblins
  9 jackals
  28 kobolds
  10 quokkas
  A ball python (D:2)
  5 frilled lizards
  A leopard gecko zombie (D:5)
  2 quokka skeletons (D:6)
  8 rats
  A bush (Lair:1)
  4 fungi (Lair:1)
  4 plants (Lair:1)
486 creatures vanquished.

Vanquished Creatures (others)
  A centaur (D:11)
  A howler monkey skeleton (D:10)
  A demonic plant (Gauntlet)
  2 fungi
  2 plants
7 creatures vanquished.

Grand Total: 493 creatures vanquished

Notes
Turn   | Place    | Note
-------+----------+-------------------------------------------
     0 | D:1      | Peloso the Minotaur Fighter began the quest for the Orb.
     0 | D:1      | Reached XP level 1. HP: 19/19 MP: 0/0
   276 | D:1      | Reached XP level 2. HP: 27/27 MP: 1/1
   783 | D:2      | Reached XP level 3. HP: 33/33 MP: 2/2
   816 | D:2      | Reached skill level 4 in Shields
  1017 | D:2      | Reached XP level 4. HP: 16/40 MP: 3/3
  1802 | D:2      | Found a sparkling altar of Nemelex Xobeh.
  1912 | D:3      | Reached skill level 1 in Dodging
  1912 | D:3      | Reached XP level 5. HP: 20/46 MP: 4/4
  1954 | D:3      | Found a blossoming altar of Fedhas.
  2180 | D:3      | Reached skill level 5 in Armour
  2467 | D:3      | Reached skill level 5 in Shields
  2767 | D:3      | Noticed Jessica
  2770 | D:3      | Killed Jessica
  2770 | D:3      | Reached XP level 6. HP: 52/52 MP: 5/5
  2787 | D:3      | Found an opulent altar of Gozag.
  2789 | D:3      | Found a glowing golden altar of the Shining One.
  2791 | D:3      | Found a sparkling altar of Nemelex Xobeh.
  3208 | D:4      | Reached skill level 5 in Long Blades
  3244 | D:4      | Found a glowing drain.
  3266 | Sewer    | Entered a sewer
  3296 | Sewer    | Noticed Purgy
  3301 | Sewer    | Killed Purgy
  3565 | D:4      | Reached XP level 7. HP: 57/60 MP: 6/6
  3763 | D:4      | Found a hazy altar of Hepliaklqana.
  3815 | D:5      | Entered Level 5 of the Dungeon
  3863 | D:5      | Reached skill level 6 in Shields
  4132 | D:5      | Found an iron altar of Okawaru.
  4166 | D:5      | Became a worshipper of Warmaster Okawaru
  4786 | D:6      | Reached XP level 8. HP: 67/67 MP: 7/7
  4842 | D:6      | Reached * piety under Okawaru
  4842 | D:6      | Reached skill level 7 in Shields
  4884 | D:6      | Reached skill level 5 in Fighting
  4968 | D:6      | Found a staircase to the Ecumenical Temple.
  5257 | D:6      | Reached ** piety under Okawaru
  5258 | D:6      | Reached skill level 8 in Shields
  5265 | D:6      | Identified the cursed +0 trident of Egomania {antimagic,
                  | rElec Int+2 SInv}
  5283 | D:6      | Reached XP level 9. HP: 30/74 MP: 0/8
  5869 | D:7      | Got an ichor-stained hand axe
  5870 | D:7      | Identified the +2 hand axe "Cathusheu" {drain, rC+ Dex+5}
                  | (You found it on level 7 of the Dungeon)
  6554 | D:7      | Noticed Pikel
  6568 | D:7      | Killed Pikel
  6568 | D:7      | Reached skill level 9 in Shields
  6758 | D:8      | Noticed Gastronok
  6783 | D:8      | Killed Gastronok
  6783 | D:8      | Reached *** piety under Okawaru
  6783 | D:8      | Reached skill level 10 in Long Blades
  6783 | D:8      | Reached skill level 5 in Dodging
  6783 | D:8      | Reached skill level 10 in Shields
  6783 | D:8      | Reached XP level 10. HP: 15/84 MP: 9/9
  7422 | D:8      | Reached **** piety under Okawaru
  7726 | D:9      | Noticed Erica
  7766 | D:9      | Killed Erica
  7766 | D:9      | Reached skill level 1 in Stealth
  7788 | D:9      | Found a staircase to the Orcish Mines.
  8150 | D:9      | Noticed Harold
  8151 | D:9      | Noticed Maurice
  8171 | D:9      | Killed Harold
  8171 | D:9      | Reached skill level 1 in Unarmed Combat
  8197 | D:9      | Paralysed by something for 6 turns
  8218 | D:9      | Killed Maurice
  8223 | D:9      | Got a shimmering ruby amulet
  8225 | D:9      | Identified the amulet "Kosiajeng" {rPois Regen+ Dex+4
                  | Stlth+} (You found it on level 9 of the Dungeon)
  8547 | D:9      | Found a sacrificial altar of Ru.
  8623 | D:9      | Reached skill level 10 in Armour
  8812 | D:10     | Entered Level 10 of the Dungeon
  8844 | D:10     | Noticed a wizard
  8865 | D:10     | Killed a wizard
  8865 | D:10     | Reached ***** piety under Okawaru
  8870 | D:10     | Noticed a catoblepas
  8874 | D:10     | Reached XP level 11. HP: 88/92 MP: 10/10
  8899 | D:10     | Killed a catoblepas
  8913 | D:10     | Reached skill level 11 in Shields
  9013 | D:10     | Identified Kearuefu's Volume of Lucky Fire
  9395 | D:10     | You fall into a shaft and drop 3 floors!
  9400 | D:13     | Found a flagged portal.
  9413 | Bailey   | Entered a bailey
  9637 | Bailey   | Found an iron altar of Okawaru.
  9637 | Bailey   | Noticed an orc sorcerer
  9637 | Bailey   | Noticed an orc sorcerer
  9638 | Bailey   | Noticed a soul eater
  9654 | Bailey   | Killed an orc sorcerer
  9660 | Bailey   | Killed an orc sorcerer
  9660 | Bailey   | Reached ****** piety under Okawaru
  9726 | Bailey   | Noticed an orc knight
  9739 | Bailey   | Killed an orc knight
  9739 | Bailey   | Received a gift from Okawaru
  9739 | Bailey   | Reached skill level 1 in Invocations
  9769 | Bailey   | Noticed an orc knight
  9784 | Bailey   | Killed an orc knight
 10009 | Bailey   | Identified the Tome of Harmful Execration
 10021 | Bailey   | Got a scorched trident
 10022 | Bailey   | Identified the cursed +3 trident of Dulukhlu {venom, MR+
                  | Str+4 Stlth+} (You found it in a bailey)
 10317 | D:13     | Reached skill level 12 in Shields
 10444 | D:12     | Received a gift from Okawaru
 10496 | D:12     | Noticed a purple ugly thing
 10502 | D:12     | Killed a purple ugly thing
 10502 | D:12     | Reached XP level 12. HP: 104/104 MP: 9/12
 10511 | D:12     | Found a frozen archway.
 10520 | IceCv    | Entered an ice cave
 10574 | IceCv    | Got a translucent falchion
 10575 | IceCv    | Identified the cursed +3 falchion of Chance {slice, *Slow
                  | +Rage MP+9 Str+4} (You found it in an ice cave)
 10891 | IceCv    | Reached skill level 13 in Shields
 10910 | IceCv    | Got a scorched graven amulet
 10912 | IceCv    | Identified the amulet "Jobat" {Spirit rPois MR- Dex+6} (You
                  | found it in an ice cave)
 11012 | D:12     | Received a gift from Okawaru
 11391 | D:11     | Found a staircase to the Lair.
 11791 | D:11     | Received a gift from Okawaru
 12985 | D:12     | Reached skill level 14 in Shields
 13411 | Lair:1   | Entered Level 1 of the Lair of Beasts
 13726 | Lair:1   | You fall into a shaft and drop 1 floor!
 13750 | Lair:2   | Found a gate leading to a gauntlet.
 13760 | Gauntlet | Entered a Gauntlet
 13760 | Gauntlet | Found a transporter.
 13760 | Gauntlet | Found a transporter.
 13762 | Gauntlet | Found a transporter.
 13765 | Gauntlet | Found a transporter.
 13766 | Gauntlet | Found a transporter.
 13766 | Gauntlet | Found a transporter.
 13803 | Gauntlet | Found a transporter.
 13808 | Gauntlet | Found a transporter.
 13819 | Gauntlet | Found a transporter.
 13834 | Gauntlet | Noticed a dire elephant
 13835 | Gauntlet | Found a transporter.
 13840 | Gauntlet | Found a transporter.
 13861 | Gauntlet | Found a transporter.
 14144 | Gauntlet | Got a jewelled hat
 14156 | Gauntlet | Identified the cursed +0 hat of Morality {rElec rF- Regen+
                  | Dex+3} (You found it in a Gauntlet)
 14198 | Gauntlet | Reached XP level 13. HP: 102/113 MP: 13/13
 14233 | Gauntlet | Got a pitted hat
 14248 | Gauntlet | Identified the +1 hat of Weightlessness {Int+5} (You found
                  | it in a Gauntlet)
 14858 | Gauntlet | Noticed a minotaur
 14876 | Gauntlet | Killed a minotaur
 14883 | Gauntlet | Identified the Collected Works on Damaging Beguiling
 14883 | Gauntlet | Identified the Grimoire of Stones and Dark Rituals
 14996 | Lair:2   | Found a staircase to the Snake Pit.
 15783 | Lair:2   | Received a gift from Okawaru
 15792 | Lair:2   | Reached skill level 15 in Shields
 15811 | Lair:2   | Reached skill level 10 in Fighting
 15940 | Lair:2   | Found a blossoming altar of Fedhas.
 17135 | Lair:4   | Found a staircase to the Shoals.
 17189 | Lair:4   | Got a warped spear
 17190 | Lair:4   | Identified the +12 spear of Yesterday {flame, *Drain rC+
                  | Str+4} (You found it on level 4 of the Lair of Beasts)
 17250 | Lair:4   | Paralysed by a floating eye for 2 turns
 17256 | Lair:4   | HP: 4/115 [oklob plant/splash of acid (11)]
 17256 | Lair:4   | Splashed by an oklob plant's acid

Levels and vault maps discovered:
D:1:      kilobyte_arrival_exit_the_forest, layout_loops_ring
D:2:      layout_basic, interstate_on_off, nemelex_diamond_rough_becter
D:3:      layout_loops_ring, minitemple, serial_bayou_pond_a, fedhas_altar_3,
          uniq_jessica
D:4:      wander_river, layout_rooms, marbit_many_paths,
          cheibrodos_sewer_entry_bend
D:5:      layout_basic, okawaru_ov_weapons_minmay, first_ration
D:6:      layout_loops_ring, temple_doors_e, grunt_potential
D:7:      layout_basic, uniq_pikel
D:8:      layout_gridville, uniq_gastronok
D:9:      layout_basic, nicolae_ru_sacrificial_ziggurat, minivault_22,
          uniq_erica, uniq_maurice, uniq_harold
D:10:     minmay_the_grid_triangle_9x9_recursive_2_mashed
          [minmay_the_grid_triangle_9x9_prize_insulated,
          minmay_the_grid_triangle_9x9_empty,
          minmay_the_grid_triangle_9x9_descending_squares,
          minmay_the_grid_triangle_9x9_checkered], layout_irregular_city
D:11:     layout_basic, erik_lair_island, grunt_pizzeria
D:12:     layout_irregular_city, portal_ice_cave_entry_pillars_2
D:13:     layout_gridville, skrybe_vaults_entry_preservation, enter_bailey_2
Lair:1:   layout_regular_city
Lair:2:   layout_loops_ring, dummy_snake_entry, gauntlet_entry_generic,
          basic_altar, grunt_forest_stairs_clearing
Lair:3:   layout_hall_layers
Lair:4:   layout_small_grid, shoals_dummy_entry, disabler_island

Skill      XL: |  1  2  3  4  5  6  7  8  9 10 11 12 13 |
---------------+----------------------------------------+-----
Armour         | 4 5 6 7 9 10 11 12 | 12.6
Long Blades    | 3 4 5 7 8 10 11 13 14 | 14.6
Shields        | 4 5 6 8 10 12 14 15 | 15.9
Fighting       | 4 5 6 7 9 10 | 10.8
Dodging        | 1 2 4 5 6 |  6.1
Stealth        | 1 |  1.9
Unarmed Combat | 1 |  1.6
Invocations    | 1 2 |  2.4
Evocations     | |  0.5

Action                   |  1- 3 |  4- 6 |  7- 9 | 10-12 | 13-15 || total
-------------------------+-------+-------+-------+-------+-------++-------
Melee: Long sword        |    92 |   160 |    49 |       |       ||   301
       Headbutt          |    17 |    36 |    47 |   259 |   174 ||   533
       Falchion          |       |       |   201 |   853 |   302 ||  1356
       Unarmed           |       |       |       |    19 |    11 ||    30
       Scimitar          |       |       |       |       |    94 ||    94
Invok: Heroism           |       |       |     1 |     7 |     1 ||     9
       Finesse           |       |       |       |     1 |     1 ||     2
Evoke: Wand              |       |       |       |       |     9 ||     9
  Use: Potion            |     2 |       |     5 |     2 |       ||     9
       Scroll            |       |     8 |     3 |     9 |     3 ||    23
 Stab: Petrified         |       |       |       |     1 |       ||     1
  Eat: Chunk             |       |    17 |     8 |    33 |     4 ||    62
       Ration            |       |       |       |       |     2 ||     2
Armor: Scale mail        |    47 |    60 |       |       |       ||   107
       Chain mail        |       |    16 |   104 |    23 |    82 ||   225
       Plate armour      |       |       |     7 |   268 |       ||   275
       Skin              |       |       |       |     1 |       ||     1
Dodge: Dodged            |    33 |    52 |    61 |   232 |    81 ||   459
Block: Shield            |    80 |    98 |   155 |   564 |    57 ||   954
       Large shield      |       |       |       |       |   209 ||   209
       Rpst.: Long sword |     8 |    10 |     2 |       |       ||    20
       Falchion          |       |       |    15 |    47 |    14 ||    76
       Scimitar          |       |       |       |       |     4 ||     4
